 Dungeon Crawl Stone Soup version 0.27-a0-789-g6bb3289e1e (webtiles) character file.

Game seed: 13648654814396909980

32 leviel the Skirmisher (level 3, 0/24 HPs)
             Began as a Gargoyle Monk on Mar 26, 2021.
             Shot with an arrow by a centaur (6 damage)
             ... on level 3 of the Dungeon.
             The game lasted 00:02:21 (1180 turns).

leviel the Skirmisher (Gargoyle Monk)               Turns: 1180, Time: 00:02:22

Health: 0/24       AC:  5    Str: 15    XL:     3   Next: 27%
Magic:  3/3        EV: 12    Int: 10    God:
Gold:   71         SH:  0    Dex: 12    Spells: 2/2 levels left

rFire    . . .     SeeInvis .   a - +0 falchion
rCold    . . .     Faith    .   (no shield)
rNeg     + . .     Spirit   .   b - +0 robe
rPois    ∞         Reflect  .   (no helmet)
rElec    +         Harm     .   (no cloak)
rCorr    .         Rampage  .   (no gloves)
Will     .....                  (no boots)
Stlth    ++........             (no amulet)
HPRegen  0.08/turn              (no ring)
MPRegen  0.08/turn              (no ring)

@: no status effects
A: AC +3, negative energy resistance 1, electricity resistance, torment
resistance 1, unbreathing 1, petrification resistance
a: no special abilities


You were on level 3 of the Dungeon.
You visited 1 branch of the dungeon, and saw 3 of its levels.

You collected 71 gold pieces.

Inventory:

Hand Weapons
 a - a +0 falchion (weapon)
Armour
 b - a +0 robe (worn)
Scrolls
 c - a scroll of holy word {unknown}
 e - a scroll of teleportation {unknown}
 f - a scroll of magic mapping {unknown}
Potions
 d - a potion of heal wounds {unknown}
 g - a potion of curing {unknown}


   Skills:
 + Level 3.9 Fighting
 + Level 3.2 Long Blades
 - Level 2.5 Dodging
 - Level 2.3 Stealth


You had 2 spell levels left.
You didn't know any spells.
Your spell library contained the following spells:

 Spells                   Type           Power      Damage    Failure   Level
 Beastly Appendage        Tmut           0%         N/A       36%         1
 Wereblood                Tmut           0%         N/A       50%         2
 Spider Form              Tmut/Pois      0%         N/A       75%         3
 Ice Form                 Ice/Tmut       0%         N/A       98%         4
 Blade Hands              Tmut           0%         N/A       100%        5


Dungeon Overview and Level Annotations

Branches:
Dungeon (2/15)

Altars:


Innate Abilities, Weirdness & Mutations

Your stone body is resilient. (AC +3)
You are immune to poison.
You resist negative energy. (rN+)
You are resistant to electric shocks. (rElec)
You are resistant to unholy torment.
You can survive without breathing.
You are immune to petrification.


Message History

No target in view!
A rat comes into view.
A rat is nearby!
You see here a worm corpse.
You hit the rat.
You kill the rat!
No target in view!
No target in view!
No target in view!
No target in view!
No target in view!
No target in view!
No target in view!
No target in view!
No target in view!
No target in view!
HP restored.
There is a stone staircase leading up here.
There is a stone staircase leading down here.
You pick up a book of Changes and begin reading...
You add the spells Beastly Appendage, Wereblood, Spider Form, Ice Form and Blade Hands to your library.
There is a stone staircase leading down here.
You now have 71 gold pieces (gained 13).
You fall into a shaft and drop 1 floor!
The shaft crumbles and collapses.
Found a thin cabochon amulet and 16 arrows.
A rat and a centaur come into view.
The centaur shouts!
The centaur wields a +0 shortbow.
The centaur shoots an arrow.
The arrow hits you!
The centaur shoots an arrow.
The arrow closely misses you.
The centaur shoots an arrow.
The arrow barely misses you.
The centaur shoots an arrow.
The arrow barely misses you.
The centaur shoots an arrow.
The arrow misses you.
The centaur shoots an arrow.
The arrow hits you!
* * * LOW HITPOINT WARNING * * *
The centaur shoots an arrow.
The arrow barely misses you.
An orc comes into view. It is wielding a +0 club.
The centaur shoots an arrow.
The arrow hits you.
You die...

### ###### ... #....#
..o. ### #....#.....
.... #....#.....
.......#######..........
........................
.......##.......@.......
....................##..
..r....#.c........##...#
.......#.#####....# #..
..c....#.# ###### .
#".#..c.# #..c.####
#...## #...


You could see a centaur and an orc.

Vanquished Creatures
  An adder (D:2)
  A worm (D:2)
  2 bats (D:1)
  3 endoplasms (D:1)
  A giant cockroach (D:1)
  3 goblins (D:1)
  A hobgoblin (D:1)
  3 quokkas
  2 ball pythons
  4 rats
21 creatures vanquished.

Notes
Turn   | Place    | Note
-------+----------+-------------------------------------------
     0 | D:1      | leviel the Gargoyle Monk began the quest for the Orb.
     0 | D:1      | Reached XP level 1. HP: 14/14 MP: 1/1
   305 | D:1      | Reached XP level 2. HP: 11/19 MP: 2/2
   984 | D:2      | Reached XP level 3. HP: 18/24 MP: 3/3
  1168 | D:2      | You fall into a shaft and drop 1 floor!
  1169 | D:3      | Noticed a centaur
  1180 | D:3      | Shot with an arrow by a centaur

Illustrated notes

Levels and vault maps discovered:
D:1:      dpeg_arrival_arbitrary_b, layout_rooms, minmay_tetromino_l2
D:2:      minmay_wonky_spiral, layout_basic
D:3:      layout_rooms

Skill      XL: |  1  2 |
---------------+-------+-----
Long Blades    | 3 |  3.2
Fighting       | |  3.9
Dodging        | |  2.5
Stealth        | |  2.3

Action                   || total
-------------------------++-------
Melee: Falchion          ||    69
 Stab: Sleeping          ||     3
Armor: Robe              ||    26
Dodge: Dodged            ||    61
       Rpst.: Falchion   ||    22

Table legend: (Time is in decaauts)
 A = Elapsed time spent in this place.
 B = Non-inter-level travel time spent in this place.
 C = Inter-level travel time spent in this place.
 D = Time resting spent in this place.
 E = Time spent auto-exploring this place.
 F = Levels seen in this place.
 G = Mean time per level.
                   A        B        C        D        E       F      G
               +--------+--------+--------+--------+--------+-----+--------+
         Total |   1189 |   1166 |     23 |      0 |   1000 |   3 |  396.3 |
       Dungeon |   1189 |   1166 |     23 |      0 |   1000 |   3 |  396.3 |
               +--------+--------+--------+--------+--------+-----+--------+

Top non-repeatable levels by time:
     D:1: 951 daAuts
     D:2: 226 daAuts
     D:3: 11 daAuts
